AoeStats
← mathiusw.mane

Golden Pit

509270987Analyzed
1v1 RM · 6d ago on Sep 26, 2026· 47m 55s· 2 players
Game mode
Random Map
Map size
Tiny (2 player)
Population
200
Speed
Normal
Resources
Standard
Victory
Conquest
Starting age
Dark Age
Ending age
Imperial Age
RankedLock teamsTeams togetherTeam positionsShared explorationLock speedFull tech treeHidden civsTurbo modeCheats
Victory
Defeat
🇨🇦 Mongols · Canada
1123
+15
🇨🇱 Magyars · Chile
1102
-15
mathiusw.mane
4:57 Loom
10:39 Feudal Age
12:06 Horse Collar
13:06 Town Watch
13:31 Double-Bit Axe
14:39 Wheelbarrow
18:22 Gold Mining
22:04 Castle Age
20:09 Stone Mining
21:00 Scale Barding Armor
21:28 Bloodlines
24:22 Husbandry
24:51 Chain Barding Armor
25:32 Bow Saw
25:44 Pikeman
26:54 Hand Cart
26:53 Scale Mail Armor
33:30 Fletching
33:57 Chain Mail Armor
38:02 Corvinian Army
dteeuwsen17
8:52 Feudal Age
11:38 Bloodlines
13:37 Loom
17:59 Castle Age
16:27 Forging
16:32 Double-Bit Axe
16:38 Horse Collar
17:50 Scale Barding Armor
20:28 Chain Barding Armor
22:22 Wheelbarrow
21:41 Town Watch
24:37 Husbandry
26:28 Iron Casting
27:36 Hand Cart
28:40 Fletching
28:51 Padded Archer Armor
33:59 Imperial Age
31:50 Bow Saw
33:24 Bodkin Arrow
33:44 Leather Archer Armor
34:07 Gold Mining
35:39 Elite Steppe Lancer
38:30 Elite Mangudai
39:33 Conscription
40:29 Blast Furnace
39:30 Bracer
41:08 Stone Mining
40:42 Light Cavalry
42:24 Gold Shaft Mining
42:28 Stone Shaft Mining
42:44 Scale Mail Armor
42:54 Town Patrol
43:00 Capped Ram
44:06 Drill
45:48 Ballistics
46:30 Chemistry
45:37 Siege Engineers
45:43 Masonry
46:49 Thumb Ring
47:10 Parthian Tactics
Connection lost

Rejoining the realm…

Still unreachable

The connection could not be restored.

Session expired

The server has moved on; the page needs a fresh start.